[Event "FRA-ch Youth U12W 2019"]
[Site "Hyeres"]
[Date "2019.04.19"]
[Round "7.1"]
[White "Micheli, Elora"]
[Black "Schippke, Manon"]
[Result "1-0"]
[ECO "B70"]
[WhiteElo "1359"]
[BlackElo "1646"]
[Annotator "NA"]
[PlyCount "113"]
[EventDate "2019.04.14"]
[EventType "swiss"]
[EventCountry "FRA"]
[SourceTitle "playchess.com"]
[Source "ChessBase"]
[SourceQuality "1"]
[TimeControl "5400+30"]

1. e4 c5 2. Nf3 d6 3. d4 cxd4 4. Nxd4 Nf6 5. Nc3 Nc6 6. g3 g6 7. Bg2 Bd7 8. h3 Bg7 9. Nde2 O-O 10. O-O Rc8 11. Be3 Qa5 12. Nd5 Nxd5 13. exd5 Ne5 14. Bd4 Bf5 15. c3 Qb5 16. b3 Nd7 17. c4 Qa5 18. Bxg7 Kxg7 19. g4 Bxg4 20. hxg4 Ne5 21. Qd4 Kg8 22. g5 b5 23. cxb5 Qxb5 24. Nf4 Rc5 25. b4 Rc4 26. Qe3 Qxb4 27. Nd3 Nxd3 28. Qxd3 Rg4 29. Qe3 Qc4 30. f4 Qxd5 31. Rf2 e5 32. fxe5 Qxe5 33. Qxe5 dxe5 34. Rb1 Rxg5 35. Rb7 a5 36. Kf1 Rc8 37. Rd2 h5 38. Bd5 Rf5+ 39. Rf2 Rxf2+ 40. Kxf2 Rf8 41. Re7 h4 42. Rxe5 Rd8 43. Bb3 a4 44. Bxa4 Rd2+ 45. Re2 Rd4 46. Bb3 g5 47. Re5 Rf4+ 48. Kg2 g4 49. Rg5+ Kf8 50. Rh5 g3 51. Kh3 Rg4 52. Bd5 Ra4 53. Rf5 Ke7 54. Bb3 Rg4 55. Kxg4 g2 56. Re5+ Kd6 57. Re1 1-0

[Event "FRA-ch Youth U12W 2019"]
[Site "Hyeres"]
[Date "2019.04.19"]
[Round "7.2"]
[White "Schebacher, Solene"]
[Black "Gagua, Nani"]
[Result "0-1"]
[ECO "B50"]
[WhiteElo "1555"]
[BlackElo "1458"]
[Annotator "NA"]
[PlyCount "86"]
[EventDate "2019.04.14"]
[EventType "swiss"]
[EventCountry "FRA"]
[SourceTitle "playchess.com"]
[Source "ChessBase"]
[SourceQuality "1"]
[TimeControl "5400+30"]

1. e4 c5 2. Nf3 d6 3. h3 Nf6 4. c3 Nc6 5. Bd3 g6 6. Bc2 Bg7 7. d4 cxd4 8. cxd4 O-O 9. O-O Bd7 10. Nc3 Rc8 11. Bf4 Qb6 12. Na4 Qd8 13. Re1 Nb4 14. Bb3 Bb5 15. Nc3 Ba6 16. Bc2 Qc7 17. a3 Nxc2 18. Qxc2 Qc4 19. Rac1 d5 20. Qd2 dxe4 21. Nxe4 Nxe4 22. Rxe4 Qxc1+ 23. Qxc1 Rxc1+ 24. Bxc1 Rc8 25. Bf4 e6 26. Re1 Kf8 27. Bd6+ Ke8 28. Bb4 Rd8 29. Bc3 Bc4 30. Rc1 Bd5 31. Rd1 Bxf3 32. gxf3 Rd5 33. Kf1 Kd7 34. Ke2 Rh5 35. Rh1 Kd6 36. Ke3 Kd5 37. b3 Rh4 38. f4 Bh6 39. Rg1 Rxf4 40. Ke2 Bg7 41. Rg5+ f5 42. Ke3 Rh4 43. Rg3 f4+ 0-1

[Event "FRA-ch Youth U12W 2019"]
[Site "Hyeres"]
[Date "2019.04.19"]
[Round "7.3"]
[White "Berezovsky, Fiorina"]
[Black "Weigelt, Elea"]
[Result "1-0"]
[ECO "B01"]
[WhiteElo "1604"]
[BlackElo "1378"]
[Annotator "NA"]
[PlyCount "77"]
[EventDate "2019.04.14"]
[EventType "swiss"]
[EventCountry "FRA"]
[SourceTitle "playchess.com"]
[Source "ChessBase"]
[SourceQuality "1"]
[TimeControl "5400+30"]

1. e4 d5 2. exd5 Qxd5 3. Nc3 Qa5 4. Nf3 Nf6 5. Bc4 Bg4 6. d4 Nc6 7. Be3 e5 8. d5 O-O-O 9. h3 Be6 10. Bd2 Qc5 11. dxc6 Bxc4 12. cxb7+ Kxb7 13. b3 Ba6 14. b4 Qxc3 15. Bxc3 Rxd1+ 16. Rxd1 Ne4 17. Bd2 Nxd2 18. Nxd2 Kc8 19. a3 c5 20. c3 cxb4 21. cxb4 Be7 22. Rc1+ Kd7 23. Nb3 Kd6 24. Nc5 Bc8 25. Ke2 Bg5 26. Ne4+ Ke6 27. Nxg5+ Kf6 28. Ne4+ Kg6 29. Rc6+ f6 30. Nc5 Re8 31. Rd1 h5 32. a4 Bf5 33. Rc7 Ra8 34. b5 Kh6 35. a5 g5 36. Rd6 Kg6 37. Rcc6 Rf8 38. Nd7 g4 39. Nxf8+ 1-0

[Event "FRA-ch Youth U12W 2019"]
[Site "Hyeres"]
[Date "2019.04.19"]
[Round "7.4"]
[White "Deladerriere, Calypso"]
[Black "Lazes, Alexia"]
[Result "0-1"]
[ECO "C11"]
[WhiteElo "1443"]
[BlackElo "1491"]
[Annotator "NA"]
[PlyCount "107"]
[EventDate "2019.04.14"]
[EventType "swiss"]
[EventCountry "FRA"]
[SourceTitle "playchess.com"]
[Source "ChessBase"]
[SourceQuality "1"]
[TimeControl "5400+30"]

1. e4 e6 2. Nc3 d5 3. Nf3 Nf6 4. e5 Nfd7 5. d4 c5 6. dxc5 Bxc5 7. Bd3 b6 8. Bf4 Ba6 9. Nb5 Qc8 10. O-O Nc6 11. Qe2 Bxb5 12. Bxb5 Qc7 13. c3 O-O 14. Bg3 a5 15. Rac1 Rab8 16. Rfe1 Na7 17. Bd3 Be7 18. c4 Rbc8 19. Bf4 Nc5 20. cxd5 exd5 21. Bf5 Rcd8 22. Qc2 g6 23. Bd3 Rc8 24. Qd2 Qd7 25. Bc4 dxc4 26. Qxd7 Nxd7 27. Red1 Nc5 28. Rxc4 Rfd8 29. Rf1 Nd3 30. Rxc8 Rxc8 31. Be3 Bc5 32. Bxc5 Rxc5 33. Ne1 Nxe5 34. f4 Nc4 35. b3 Nd6 36. Nf3 Ne4 37. Re1 f5 38. Rd1 Nc6 39. Ne1 Nc3 40. Rd2 Ne4 41. Rd1 Kg7 42. Kf1 Kf6 43. g3 Ne7 44. Kg2 Rd5 45. Rc1 Rd2+ 46. Kf3 Rf2+ 47. Ke3 Nd5+ 48. Kd4 Ndc3 49. Rxc3 Nxc3 50. Kxc3 Rxh2 51. a4 Rh3 52. Kc4 Rxg3 53. Nd3 Rxd3 54. Kxd3 {[%emt 0:00:00] Ke5 [%clk 0:00:00] Kd4+} 0-1

[Event "FRA-ch Youth U12W 2019"]
[Site "Hyeres"]
[Date "2019.04.20"]
[Round "8.1"]
[White "Gagua, Nani"]
[Black "Micheli, Elora"]
[Result "0-1"]
[ECO "B40"]
[WhiteElo "1458"]
[BlackElo "1359"]
[Annotator "NA"]
[PlyCount "92"]
[EventDate "2019.04.14"]
[EventType "swiss"]
[EventCountry "FRA"]
[SourceTitle "playchess.com"]
[Source "ChessBase"]
[SourceQuality "1"]
[TimeControl "5400+30"]

1. e4 c5 2. Nf3 e6 3. Be2 Nc6 4. O-O d6 5. c3 Nf6 6. Qc2 Be7 7. d4 b6 8. Bf4 d5 9. e5 Ne4 10. Nbd2 Nxd2 11. Qxd2 a5 12. Rfe1 cxd4 13. Nxd4 Nxd4 14. Qxd4 Bc5 15. Qd1 Ba6 16. Bxa6 Rxa6 17. Qg4 g6 18. Bh6 Ra7 19. Qh3 Bf8 20. Bxf8 Kxf8 21. Rad1 Qg5 22. Rd4 h5 23. Qf3 Kg7 24. Rf4 Rc8 25. h4 Qe7 26. Rf6 Rc4 27. Qh3 Rac7 28. Re3 d4 29. Ref3 Qc5 30. R3f4 dxc3 31. Rxc4 Qxc4 32. Qxc3 Qxc3 33. bxc3 Rxc3 34. Rf3 Rxf3 35. gxf3 f6 36. f4 fxe5 37. fxe5 b5 38. Kf1 g5 39. hxg5 Kg6 40. f4 b4 41. Ke2 a4 42. Kd3 Kf5 43. Kd2 b3 44. axb3 axb3 45. Kc3 h4 46. Kxb3 h3 0-1

[Event "FRA-ch Youth U12W 2019"]
[Site "Hyeres"]
[Date "2019.04.20"]
[Round "8.2"]
[White "Bellahcene, Jenna"]
[Black "Schippke, Manon"]
[Result "0-1"]
[ECO "B22"]
[WhiteElo "1305"]
[BlackElo "1646"]
[Annotator "NA"]
[PlyCount "79"]
[EventDate "2019.04.14"]
[EventType "swiss"]
[EventCountry "FRA"]
[SourceTitle "playchess.com"]
[Source "ChessBase"]
[SourceQuality "1"]
[TimeControl "5400+30"]

1. e4 c5 2. c3 Nf6 3. e5 Nd5 4. d4 cxd4 5. Nf3 e6 6. cxd4 d6 7. Bc4 Nc6 8. O-O Be7 9. Qe2 O-O 10. Rd1 Na5 11. Bxd5 exd5 12. Nc3 Be6 13. Bf4 a6 14. Rac1 b5 15. b3 Rc8 16. h3 Nc6 17. Qe3 b4 18. Ne2 Bf5 19. Ng3 Bg6 20. e6 f6 21. Nh4 Be8 22. Nhf5 g5 23. Nxe7+ Nxe7 24. Bxg5 fxg5 25. Qxg5+ Bg6 26. Rxc8 Nxc8 27. Qxd5 Ne7 28. Qc4 Qa5 29. Qe2 d5 30. Rc1 Qb6 31. Qe5 Rc8 32. Rxc8+ Nxc8 33. Qxd5 Qd6 34. Qc4 Ne7 35. Ne2 Bf5 36. Qc1 Qxe6 37. Qg5+ Bg6 38. Qd2 Qd6 39. Nf4 Nc6 40. Ne2 0-1

[Event "FRA-ch Youth U12W 2019"]
[Site "Hyeres"]
[Date "2019.04.20"]
[Round "8.3"]
[White "Lazes, Alexia"]
[Black "Berezovsky, Fiorina"]
[Result "0-1"]
[ECO "B43"]
[WhiteElo "1491"]
[BlackElo "1604"]
[Annotator "NA"]
[PlyCount "78"]
[EventDate "2019.04.14"]
[EventType "swiss"]
[EventCountry "FRA"]
[SourceTitle "playchess.com"]
[Source "ChessBase"]
[SourceQuality "1"]
[TimeControl "5400+30"]

1. e4 c5 2. Nf3 e6 3. d4 cxd4 4. Nxd4 a6 5. Nc3 Qc7 6. Bd2 Bc5 7. Nf3 d6 8. Bd3 Nf6 9. Bf4 Nbd7 10. O-O b5 11. Re1 Qb6 12. Qd2 h6 13. Be3 Bb7 14. a4 b4 15. Na2 g5 16. Bxc5 dxc5 17. Rad1 Rc8 18. Bc4 Qc7 19. e5 Bxf3 20. gxf3 Nxe5 21. Be2 Rg8 22. Qd6 Qxd6 23. Rxd6 Ke7 24. Red1 Nd5 25. Rxa6 Nf4 26. Ra7+ Kf6 27. Kf1 Rgd8 28. Rxd8 Rxd8 29. Ke1 Ng2+ 30. Kf1 Rd2 31. Kxg2 Rxe2 32. Nc1 Rxc2 33. Nb3 c4 34. Nc5 Rxb2 35. a5 c3 36. a6 c2 37. Nb3 Rxb3 38. Rc7 Ra3 39. a7 Rxa7 0-1

[Event "FRA-ch Youth U12W 2019"]
[Site "Hyeres"]
[Date "2019.04.20"]
[Round "8.4"]
[White "Grimault, Leane"]
[Black "Bousmaha, Leila"]
[Result "1-0"]
[ECO "D11"]
[WhiteElo "1421"]
[BlackElo "1616"]
[Annotator "NA"]
[PlyCount "105"]
[EventDate "2019.04.14"]
[EventType "swiss"]
[EventCountry "FRA"]
[SourceTitle "playchess.com"]
[Source "ChessBase"]
[SourceQuality "1"]
[TimeControl "5400+30"]

1. Nf3 d5 2. c4 c6 3. d4 Bf5 4. Qb3 Nf6 5. Qxb7 Nbd7 6. Nc3 e6 7. e3 Qc8 8. Qxc8+ Rxc8 9. b3 Be7 10. Bb2 c5 11. cxd5 exd5 12. dxc5 Bxc5 13. Nd4 Bg6 14. Ba6 Rb8 15. Bb5 O-O 16. Bxd7 Nxd7 17. Nxd5 Be4 18. Nf4 Bb4+ 19. Ke2 Bd6 20. f3 Bb7 21. Nd3 Ba6 22. Kd2 Rfd8 23. Nc6 Nc5 24. Nxb8 Nxd3 25. Nxa6 Nxb2 26. Ke2 Ba3 27. e4 h6 28. Rab1 Rd6 29. Nc7 Nd3 30. Rhd1 Nf4+ 31. Kf1 Rb6 32. Nd5 Nxd5 33. exd5 Kf8 34. Ke2 Ke7 35. Rd4 Bc5 36. Rc4 Bd6 37. Rbc1 Rb5 38. Rd1 f5 39. g3 g5 40. Rc6 a5 41. Ra6 Rc5 42. Ra7+ Kf6 43. Ke3 Rb5 44. Rd7 f4+ 45. Ke2 Ke5 46. gxf4+ gxf4 47. Kf1 a4 48. Re1+ Kxd5 49. Rd1+ Ke5 50. R7xd6 a3 51. Rxh6 Rb8 52. h4 Rc8 53. Ra6 1-0

[Event "FRA-ch Youth U12W 2019"]
[Site "Hyeres"]
[Date "2019.04.21"]
[Round "9.1"]
[White "Micheli, Elora"]
[Black "Berezovsky, Fiorina"]
[Result "1/2-1/2"]
[ECO "B80"]
[WhiteElo "1359"]
[BlackElo "1604"]
[Annotator "NA"]
[PlyCount "61"]
[EventDate "2019.04.14"]
[EventType "swiss"]
[EventCountry "FRA"]
[SourceTitle "playchess.com"]
[Source "ChessBase"]
[SourceQuality "1"]
[TimeControl "5400+30"]

1. e4 c5 2. Nf3 e6 3. Nc3 a6 4. d4 cxd4 5. Nxd4 Qc7 6. g3 Nf6 7. Bg2 Bb4 8. Bd2 Nc6 9. Nb3 O-O 10. O-O Be7 11. a4 b6 12. f4 d6 13. Be3 Bb7 14. Qe2 Rfd8 15. Rad1 Rac8 16. Qf2 Nd7 17. f5 Nce5 18. Bh3 exf5 19. Bxf5 Rf8 20. Nd5 Bxd5 21. exd5 Rb8 22. Nd4 Bf6 23. b3 Rfe8 24. c4 Re7 25. Bh3 Nc5 26. Qc2 Nxc4 27. Qxc4 Rxe3 28. b4 Bxd4 29. Rxd4 b5 30. Qc1 Qe7 31. bxc5 1/2-1/2

[Event "FRA-ch Youth U12W 2019"]
[Site "Hyeres"]
[Date "2019.04.21"]
[Round "9.2"]
[White "Schippke, Manon"]
[Black "Gagua, Nani"]
[Result "1-0"]
[ECO "A05"]
[WhiteElo "1646"]
[BlackElo "1458"]
[Annotator "NA"]
[PlyCount "117"]
[EventDate "2019.04.14"]
[EventType "swiss"]
[EventCountry "FRA"]
[SourceTitle "playchess.com"]
[Source "ChessBase"]
[SourceQuality "1"]
[TimeControl "5400+30"]

1. e4 c5 2. Nf3 d6 3. g3 Nf6 4. d3 g6 5. Bg2 Bg7 6. O-O O-O 7. Re1 Nc6 8. c3 Qb6 9. h3 Nd7 10. Nbd2 Nde5 11. Nxe5 Nxe5 12. f4 Nc6 13. Nc4 Qc7 14. g4 e6 15. f5 exf5 16. gxf5 gxf5 17. exf5 Bxf5 18. Rf1 Bg6 19. h4 h5 20. Bg5 f6 21. Bf4 Ne5 22. Bd5+ Kh8 23. Be4 Bxe4 24. Bxe5 dxe5 25. dxe4 Qf7 26. Nd6 Qg6+ 27. Kh1 Rad8 28. Rg1 Qh6 29. Nf7+ Rxf7 30. Qxd8+ Rf8 31. Qc7 Rg8 32. Qf7 Rf8 33. Qg6 Qh7 34. Qxh7+ Kxh7 35. Rad1 Rf7 36. Rd5 b6 37. Rgd1 a6 38. Rd7 Rf8 39. Rb7 b5 40. Ra7 Rg8 41. Rxa6 b4 42. c4 Rc8 43. Rd5 Kh8 44. Rad6 Kh7 45. Rd8 Rc7 46. Ra8 Kg6 47. a4 bxa3 48. bxa3 Rc6 49. a4 Rb6 50. Rxc5 Rb1+ 51. Kg2 Rb2+ 52. Kf3 Bh6 53. Rb5 Rh2 54. Rb7 Bf4 55. Rg8+ Kh6 56. Rgg7 Rh3+ 57. Kg2 Rh2+ 58. Kg1 f5 59. exf5 1-0

[Event "FRA-ch Youth U12W 2019"]
[Site "Hyeres"]
[Date "2019.04.21"]
[Round "9.3"]
[White "Schebacher, Solene"]
[Black "Grimault, Leane"]
[Result "0-1"]
[ECO "B01"]
[WhiteElo "1555"]
[BlackElo "1421"]
[Annotator "NA"]
[PlyCount "90"]
[EventDate "2019.04.14"]
[EventType "swiss"]
[EventCountry "FRA"]
[SourceTitle "playchess.com"]
[Source "ChessBase"]
[SourceQuality "1"]
[TimeControl "5400+30"]

1. e4 d5 2. exd5 Qxd5 3. Nc3 Qa5 4. d4 Nf6 5. Bc4 Bg4 6. Nf3 Nc6 7. Be2 O-O-O 8. O-O Bxf3 9. Bxf3 Nxd4 10. Be3 e5 11. Bg5 Nxf3+ 12. Qxf3 Be7 13. Rfe1 Rhe8 14. Qf5+ Nd7 15. Bxe7 Rxe7 16. Qxh7 g6 17. Rad1 Qb6 18. Nd5 Qe6 19. Nxe7+ Qxe7 20. Qh3 f5 21. Qe3 Kb8 22. Rd2 Rh8 23. Red1 Nb6 24. b3 g5 25. Re2 e4 26. f3 Qh7 27. g3 exf3 28. Qxf3 Nc8 29. Qe3 Qh6 30. Qe6 Qh5 31. Rd5 Nd6 32. Qe3 a6 33. Rg2 Re8 34. Qd2 Qf3 35. Rf2 Qh5 36. Qd1 Qh3 37. Qf1 Qh6 38. Re2 Rh8 39. Qg2 f4 40. gxf4 gxf4 41. Ree5 f3 42. Qd2 Rg8+ 43. Kh1 Qh3 44. Qf2 Rg2 45. Rh5 Rxf2 0-1

[Event "FRA-ch Youth U12W 2019"]
[Site "Hyeres"]
[Date "2019.04.21"]
[Round "9.4"]
[White "Sivasankaran, Sansita"]
[Black "Albrizio-Maffre, Eve"]
[Result "1-0"]
[ECO "D02"]
[WhiteElo "1454"]
[BlackElo "1328"]
[Annotator "NA"]
[PlyCount "93"]
[EventDate "2019.04.14"]
[EventType "swiss"]
[EventCountry "FRA"]
[SourceTitle "playchess.com"]
[Source "ChessBase"]
[SourceQuality "1"]
[TimeControl "5400+30"]

1. Nf3 Nf6 2. g3 d5 3. d4 g6 4. Bg2 Bg7 5. O-O c5 6. c3 O-O 7. dxc5 Qc7 8. b4 a5 9. Bb2 Nc6 10. a3 Be6 11. Nd4 Ne5 12. Nxe6 fxe6 13. Nd2 Rfd8 14. Qb3 b6 15. cxb6 Qxb6 16. c4 Nc6 17. cxd5 exd5 18. Bxf6 Bxf6 19. Bxd5+ Kf8 20. Rac1 Nd4 21. Qc4 Nxe2+ 22. Qxe2 Rxd5 23. Nc4 Qb5 24. Qf3 Rad8 25. Nxa5 Rd3 26. Qc6 Qxc6 27. Nxc6 Ra8 28. b5 Bd4 29. Nxd4 Rxd4 30. Rb1 Rxa3 31. b6 Ra8 32. b7 Rb8 33. Rb2 Rd7 34. Rfb1 Kf7 35. Kg2 Kf6 36. f4 Kf5 37. h3 Rd5 38. Rb5 e6 39. Kf3 g5 40. fxg5 Kxg5 41. Ke4 Kf6 42. Rxd5 exd5+ 43. Kxd5 Ke7 44. Kc6 Kd8 45. Rd1+ Ke7 46. Kc7 Rxb7+ 47. Kxb7 1-0